 Dungeon Crawl Stone Soup version 0.29.0-4-gdea44cf6ec (webtiles) character file.

Game seed: 7846396182936640476

114 qw the Chopper (level 4, -5/26 HPs)
             Began as a Tengu Warper on Aug 28, 2022.
             Slain by a gnoll
             ... wielding a +0 spear
              (6 damage)
             ... on level 4 of the Dungeon.
             The game lasted 00:00:18 (3018 turns).

qw the Chopper (Tengu Warper)                       Turns: 3018, Time: 00:00:18

Health: -5/26      AC:  8    Str: 13    XL:     4   Next: 97%
Magic:  8/8        EV:  5    Int: 13    God:
Gold:   271        SH:  4    Dex: 14    Spells: 7/7 levels left

rFire   . . .      SeeInvis .   Y - +0 hand axe
rCold   . . .      Faith    .   i - +0 buckler
rNeg    + . .      Spirit   .   k - +0 chain mail
rPois   .          Reflect  .   (helmet restricted)
rElec   .          Harm     .   (no cloak)
rCorr   .          Rampage  .   (no gloves)
Will    .....                   (boots unavailable)
Stlth   ..........              (no amulet)
HPRegen 0.08/turn               g - ring of positive energy
MPRegen 0.11/turn               (no ring)

@: no status effects
A: beak, talons 3
a: no special abilities


You were on level 4 of the Dungeon.
You visited 1 branch of the dungeon, and saw 4 of its levels.

You collected 271 gold pieces.


Innate Abilities, Weirdness & Mutations

You have a beak for a mouth.
You have claws for feet.


   Skills:
 - Level 2.0 Fighting
 + Level 5.1 Axes
 - Level 1.0 Throwing
 - Level 1.1 Armour
 - Level 2.1 Dodging
 - Level 1.3 Shields
 - Level 2.0 Spellcasting
 - Level 2.4 Translocations


You had 7 spell levels left.
You didn't know any spells.
Your spell library contained the following spells:

 Spells                   Type           Power      Damage    Failure   Level
 Blink                    Tloc           14%        N/A       100%        2
 Gell's Gravitas          Tloc           7%         N/A       100%        3
 Lesser Beckoning         Tloc           7%         N/A       100%        3
 Teleport Other           Tloc           7%         N/A       100%        3
 Manifold Assault         Tloc           7%         N/A       100%        5

Inventory:

Hand Weapons
 f - a +0 whip
 Y - a +0 hand axe (weapon)
Missiles
 p - 3 javelins (quivered)
Armour
 i - a +0 buckler (worn)
 k - a +0 chain mail (worn)
Jewellery
 g - a ring of positive energy (left hand)
Scrolls
 b - a scroll of immolation {unknown}
 d - 2 scrolls of identify
 e - a scroll of enchant weapon {unknown}
Potions
 a - a potion of cancellation {unknown}
 c - a potion of mutation
 h - a potion of brilliance {unknown}
 m - 2 potions of curing

Dungeon Overview and Level Annotations

Branches:
Dungeon (4/15)
 Temple: D:4-7

Altars:
Nemelex Xobeh
Vehumet


Message History

HP restored.
You see here a jackal corpse.
You see here a jackal corpse.
You see here a jackal corpse.
p - 3 javelins You see here a +2 long sword of holy wrath.
Enter note:
e - a scroll labelled OROOPN OWKALER
Found a stone staircase leading down. 2 gnolls come into view.
The gnoll shouts! x2
3009 ||| Stepping ~*~*~tactically~*~*~ (hiding).
You start waiting.
A gnoll is nearby!
A goblin and 2 gnolls come into view.
The goblin shouts!
The gnoll shouts! x2
The gnoll barely misses you.
The gnoll hits you from afar with a +0 halberd.
The goblin moves out of view.
The gnoll moves out of view.
The gnoll completely misses you. The gnoll hits you with a +0 halberd.
You barely miss the gnoll. Your kick misses the gnoll. You hit the gnoll.
The gnoll hits you with a +0 spear. The gnoll barely misses you.
You completely miss the gnoll. You peck the gnoll, but do no damage.
The gnoll is lightly wounded.
You closely miss the gnoll. The gnoll hits you with a +0 spear.
The gnoll hits you with a +0 halberd.
You hit the gnoll but do no damage. Your peck misses the gnoll.
The gnoll is lightly wounded.
You hit the gnoll but do no damage. The gnoll hits you with a +0 spear.
You block the gnoll's attack.
You hit the gnoll but do no damage. Your kick misses the gnoll.
You peck the gnoll.
The gnoll is moderately wounded.
You hit the gnoll. The gnoll closely misses you.
The gnoll hits you but does no damage.
You hit the gnoll.
The gnoll is heavily wounded.
You hit the gnoll but do no damage. The gnoll hits you with a +0 spear.
You die...

..# #.# ... #.# #>## .7.
#..# ....g##.g# ....ggg@.#
.....###.## .7. #....# ####
#..#.## .... #### #.##..# #
...#######).# #####.# .#
##..........#######.#..####
#######.<..............#
#.%#######...####.#


You could see 4 gnolls and a goblin.

Vanquished Creatures
  4 adders
  A worm (D:2)
  3 dart slugs
  An orc (D:3)
  8 ball pythons
  4 endoplasms
  4 giant cockroaches
  8 goblins
  2 hobgoblins (D:1)
  3 jackals (D:4)
  2 quokkas
  7 bats
  4 frilled lizards
  8 kobolds
  9 rats
68 creatures vanquished.

Notes
Turn   | Place    | Note
-------+----------+-------------------------------------------
     0 | D:1      | qw the Tengu Warper began the quest for the Orb.
     0 | D:1      | Reached XP level 1. HP: 12/12 MP: 4/4
     0 | D:1      | 0 ||| qw: Version: 0.1-a-89-g26bdef1
     0 | D:1      | 0 ||| qw: Game counter: 2329
     0 | D:1      | 0 ||| qw: Always use a shield: true
     0 | D:1      | 0 ||| qw: God list: Okawaru
     0 | D:1      | 0 ||| qw: Allow faded altars: false
     0 | D:1      | 0 ||| qw: Do Orc after D:15 true
     0 | D:1      | 0 ||| qw: Do second Lair branch before Depths: true
     0 | D:1      | 0 ||| qw: Lair rune preference: random
     0 | D:1      | 0 ||| qw: Plans: Normal
     0 | D:1      | 0 ||| PLANNING D:1-11
   133 | D:1      | Reached XP level 2. HP: 13/17 MP: 6/6
   138 | D:1      | Reached skill level 3 in Axes
   540 | D:1      | 540 ||| Stepping ~*~*~tactically~*~*~ (stealth).
   548 | D:1      | 548 ||| Stepping ~*~*~tactically~*~*~ (stealth).
   550 | D:1      | 550 ||| Stepping ~*~*~tactically~*~*~ (stealth).
   615 | D:1      | 615 ||| Stepping ~*~*~tactically~*~*~ (stealth).
   616 | D:1      | 616 ||| Stepping ~*~*~tactically~*~*~ (stealth).
   617 | D:1      | 617 ||| Stepping ~*~*~tactically~*~*~ (stealth).
   618 | D:1      | 618 ||| Stepping ~*~*~tactically~*~*~ (stealth).
   796 | D:1      | 796 ||| Stepping ~*~*~tactically~*~*~ (stealth).
   797 | D:1      | 797 ||| Stepping ~*~*~tactically~*~*~ (stealth).
   823 | D:1      | Reached XP level 3. HP: 18/21 MP: 7/7
  1392 | D:1      | 1392 ||| UPGRADING to +0 ring mail.
  1402 | D:1      | 1402 ||| DROPPING +0 leather armour.
  1403 | D:1      | 1403 ||| UPGRADING to +0 scale mail.
  1413 | D:1      | 1413 ||| DROPPING +0 ring mail.
  1414 | D:1      | 1414 ||| UPGRADING to +0 chain mail.
  1424 | D:1      | 1424 ||| DROPPING +0 scale mail.
  1425 | D:1      | 1425 ||| READING scroll labelled COSI GYLEITHA.
  1426 | D:1      | 1426 ||| READING scroll labelled YDAANE RUCRAC.
  1429 | D:1      | 1429 ||| READING scroll labelled CELIFO CUTIWOKLE.
  1430 | D:1      | 1430 ||| READING scroll labelled YTIECUO SOVEW.
  1431 | D:1      | 1431 ||| READING scroll labelled NUGOMI LUADDOE.
  1432 | D:1      | 1432 ||| DROPPING scroll of blinking.
  1470 | D:2      | 1470 ||| Stepping ~*~*~tactically~*~*~ (hiding).
  1490 | D:2      | Reached skill level 4 in Axes
  1555 | D:2      | Found a sparkling altar of Nemelex Xobeh.
  1633 | D:2      | 1633 ||| Stepping ~*~*~tactically~*~*~ (stealth).
  1968 | D:2      | 1968 ||| UPGRADING to +0 buckler.
  1973 | D:2      | 1973 ||| DROPPING ring of magical power.
  1974 | D:2      | 1974 ||| UPGRADING to ring of positive energy.
  1975 | D:2      | 1975 ||| DRINKING 2 sedimented cyan potions.
  2016 | D:2      | 2016 ||| DRINKING 3 orange potions.
  2017 | D:2      | 2017 ||| READING 2 scrolls of identify.
  2017 | D:2      | 2017 ||| IDENTIFYING glowing puce potion
  2018 | D:2      | 2018 ||| DROPPING potion of lignification.
  2151 | D:3      | Reached skill level 1 in Shields
  2151 | D:3      | Reached XP level 4. HP: 24/26 MP: 8/8
  2555 | D:3      | 2555 ||| Stepping ~*~*~tactically~*~*~ (stealth).
  2777 | D:3      | Found a radiant altar of Vehumet.
  2799 | D:3      | 2799 ||| READING scroll labelled NOROWU ECEXT.
  2800 | D:3      | 2800 ||| READING scroll labelled TOUMOT HUUNUZ.
  2801 | D:3      | 2801 ||| READING 2 scrolls labelled BATISHR FYIXTU.
  2802 | D:3      | 2802 ||| READING scroll labelled ARORENEYLE.
  2803 | D:3      | 2803 ||| DRINKING 4 bubbling emerald potions.
  2804 | D:3      | 2804 ||| DROPPING scroll of poison.
  2805 | D:3      | 2805 ||| DROPPING 3 potions of flight.
  2806 | D:3      | 2806 ||| READING scroll of teleportation.
  2868 | D:4      | Reached skill level 5 in Axes
  2928 | D:4      | 2928 ||| Stepping ~*~*~tactically~*~*~ (stealth).
  3009 | D:4      | 3009 ||| Stepping ~*~*~tactically~*~*~ (hiding).
  3015 | D:4      | HP: 5/26 [gnoll/+0 halberd (4)]
  3016 | D:4      | HP: 1/26 [gnoll/+0 spear (4)]
  3018 | D:4      | Slain by a gnoll

Levels and vault maps discovered:
D:1:      wander_arrival_fairy_ring, layout_loops_corners, chequers_big_river,
          amcnicky_mini_corridor_feature
D:2:      layout_rooms, basic_altar, kennysheep_nondescript
D:3:      layout_loops_ring, lemuel_tele_altar, wad_rectangle_vault
D:4:      layout_rooms, mainiacjoe_overflow_six_doors_small, grunt_ministairs_3,
          uniq_pargi

Skill      XL: |  1  2  3  4 |
---------------+-------------+-----
Axes           | 3 4 5 |  5.1
Shields        | 1 |  1.3
Fighting       | |  2.0
Throwing       | |  1.0
Armour         | |  1.1
Dodging        | |  2.1
Spellcasting   | |  2.0
Translocations | |  2.4

Action                   |  1- 3 |  4- 6 || total
-------------------------+-------+-------++-------
Melee: Hand axe          |    83 |    52 ||   135
       Kick              |    24 |    10 ||    34
       Peck              |     7 |    10 ||    17
Throw: Boomerang         |     7 |       ||     7
       Javelin           |    15 |    25 ||    40
  Use: Scroll            |     6 |     5 ||    11
       Potion            |     2 |     1 ||     3
Armor: Leather armour    |     8 |       ||     8
       Chain mail        |    21 |    31 ||    52
Dodge: Dodged            |    22 |    12 ||    34
Block: Buckler           |       |     8 ||     8

Table legend:
 A = Non-vault XP
 B = Vault XP
 C = Vault XP percentage of total XP
 D = Non-vault monster count
 E = Vault monster count
 F = Vault count percentage of total count
                 A         B        C        D         E       F
            +---------+---------+-------+---------+---------+-------
      Total |     153 |      10 |   6.1 |      62 |       6 |   8.8
            +---------+---------+-------+---------+---------+-------
        D:1 |      37 |       0 |   0.0 |      24 |       0 |   0.0
        D:2 |      31 |       0 |   0.0 |      18 |       0 |   0.0
        D:3 |      49 |      10 |  16.9 |      12 |       6 |  33.3
        D:4 |      36 |       0 |   0.0 |       8 |       0 |   0.0
            +---------+---------+-------+---------+---------+-------
